 Seeded DCSS version 0.29-a0-789-g7a8fcbc185 (webtiles) character file.

Game seed: 11124925607023586041 (custom seed)

58 zeratav the Cutter (level 4, 23/23 HPs)
             Began as a Vine Stalker Fighter on July 2, 2022.
             Quit the game on level 2 of the Dungeon.
             The game lasted 00:01:45 (1376 turns).

zeratav the Cutter (Vine Stalker Fighter)           Turns: 1376, Time: 00:01:45

Health: 23/23      AC:  8    Str: 19    XL:     4   Next: 2%
Magic:  5/5        EV:  9    Int:  8    God:
Gold:   43         SH:  5    Dex: 15    Spells: 3/3 levels left

rFire   . . .      SeeInvis .   a - +0 rapier {short}
rCold   . . .      Faith    .   c - +0 buckler
rNeg    . . .      Spirit   +   b - +0 scale mail
rPois   .          Reflect  .   (no helmet)
rElec   .          Harm     .   (no cloak)
rCorr   .          Rampage  .   j - +1 pair of gloves
Will    .....                   (no boots)
Stlth   ..........              (no amulet)
HPRegen 0.87/turn               (no ring)
MPRegen 0.09/turn               (no ring)

@: no status effects
A: fangs 2, regeneration 1, magic shield, antimagic bite, no potion heal 2
a: no special abilities


You were on level 2 of the Dungeon.
You visited 1 branch of the dungeon, and saw 2 of its levels.

You collected 43 gold pieces.


Innate Abilities, Weirdness & Mutations

You have extremely sharp teeth.
Your natural rate of healing is unusually fast.
When hurt, damage is shared between your health and your magic reserves.
Your bite disrupts and absorbs the magic of your enemies.
Potions cannot restore your health.


   Skills:
 - Level 2.6 Fighting
 + Level 3.8 Short Blades
 - Level 2.4 Armour
 - Level 2.6 Shields


You had 3 spell levels left.
You didn't know any spells.
Your spell library contained the following spells:

 Spells                   Type           Power      Damage    Failure   Level
 Cause Fear               Hex            0%         N/A       100%        4
 Corpse Rot               Necr/Pois/Air  0%         N/A       100%        4
 Dispel Undead            Necr           0%         3d6       100%        4
 Death Channel            Necr           0%         N/A       100%        6
 Dragon Form              Tmut           0%         N/A       100%        7
 Dragon's Call            Summ           0%         N/A       100%        9

Inventory:

Hand Weapons
 a - a +0 rapier (weapon) {short}
Armour
 b - a +0 scale mail (worn)
 c - a +0 buckler (worn)
 j - a +1 pair of gloves (worn)
   (You found it on level 1 of the Dungeon)
Jewellery
 r - a ring of positive energy
   (You found it on level 2 of the Dungeon)
Scrolls
 h - a scroll of silence {unknown}
 i - a scroll of noise {unknown}
 l - 2 scrolls of enchant armour {unknown}
 m - a scroll of immolation {unknown}
 o - a scroll of identify {unknown}
 q - a scroll of fog {unknown}
Potions
 d - a potion of might
 e - 2 potions of berserk rage {unknown}
 f - 3 potions of curing {unknown}
 g - a potion of invisibility {unknown}
 k - a potion of haste {unknown}
 n - a potion of flight {unknown}
 p - a potion of mutation {unknown}

Dungeon Overview and Level Annotations

Branches:
Dungeon (2/15) Zot: 10616

Altars:
Cheibriados

Shops:
D:2

( ####.# ##.....#..#
########.)..# #.....##..#
............# #.######..#
########....# #.# #..#######
....# #.....# #.# #........#
[##.# #....## #.# #..>...#.#
.##.###.#.## ##.## ######.#.# #
.....#....####...##### #.#.#.#
........#......#@....# #.#.#.#
###..#.#..####...###.######.....#
# #..##.....###.###.............#
#..##.....###.###..######....##
......................#).#.##
.###.....##................#
###.# #.....##.###..>###.#.####
....# ###......# ###.###.#.#
##### #.###..#####.##..#.#


There were no monsters in sight!


Message History

No target in view!
A kobold comes into view. It is wielding a +0 whip.
A kobold is nearby!
A kobold is nearby!
The kobold shouts!
You see here a hobgoblin corpse.
You hit the kobold.
You kill the kobold!
No target in view!
No target in view!
No target in view!
No target in view!
No target in view!
No target in view!
No target in view!
No target in view!
No target in view!
No target in view!
No target in view!
No target in view!
No target in view!
No target in view!
No target in view!
You pick up a book of the Dragon and begin reading...
You add the spells Cause Fear, Dragon Form and Dragon's Call to your library.
Things that are here:
a +0 whip {mace}; a kobold corpse
Found Zaenlol's Antique Weapon Emporium.
There is an entrance to Zaenlol's Antique Weapon Emporium here.
p - a clear potion You see here a hobgoblin corpse.
Found an escape hatch in the ceiling.
A dart slug comes into view.
A dart slug is nearby!
The dart slug launches a dart at you. You block the slug dart.
You hit the dart slug.
The dart slug bites you but does no damage.
You puncture the dart slug!
You kill the dart slug!
You have reached level 4!
You feel stronger.
You begin to heal more quickly.
HP[+4] MP[+1]
You now have 23 max hp (+4).
Your hp is fully restored (23).
Your mp is fully restored (5).
q - a scroll labelled MEOSOG ZYEFU
r - a ring of positive energy You now have 43 gold pieces (gained 9).
You pick up a book of Decay and begin reading...
You add the spells Corpse Rot, Dispel Undead and Death Channel to your library.
Found a stone staircase leading down.
There is a stone staircase leading down here.
Found a stone staircase leading down.
There is a stone staircase leading down here.
l - 2 scrolls labelled IDDIRI NUECUDE (gained 1)
Found a stone staircase leading down.
There is a stone staircase leading down here.
A bat comes into view.
A bat is nearby!
A bat is nearby!
A bat is nearby!
The bat misses you.
You hit the bat but do no damage. You bite the bat, but do no damage.
The bat hits you but does no damage. You block the bat's attack.
The bat hits you but does no damage. The bat closely misses you.
The bat closely misses you. The bat hits you but does no damage.
The bat misses you. The bat hits you.
HP[-1]
You take 1 damage, and now have 22/23 hp.
The bat hits you but does no damage. The bat hits you but does no damage.
HP[+1]
Your hp is fully restored (23).
You barely miss the bat. The bat hits you but does no damage.
You hit the bat. You bite the bat.
You kill the bat!
No target in view!
No target in view!
No target in view!
No target in view!
No target in view!
No target in view!
No target in view!
No target in view!
No target in view!
No target in view!
No target in view!
No target in view!
No target in view!
No target in view!
No target in view!
No target in view!
No target in view!
No target in view!
Are you sure you want to abandon this character and quit the game? (Confirm with "yes".)

Skill      XL: |  1  2 |
---------------+-------+-----
Short Blades   | 2 3 |  3.8
Fighting       | |  2.6
Armour         | |  2.4
Shields        | |  2.6

Action                   |  1- 3 |  4- 6 || total
-------------------------+-------+-------++-------
Melee: Rapier            |    77 |     3 ||    80
       Bite              |    14 |     2 ||    16
Armor: Scale mail        |    37 |     6 ||    43
Dodge: Dodged            |    36 |     4 ||    40
Block: Buckler           |    22 |     1 ||    23

Levels and vault maps discovered:
D:1:      dpeg_arrival_water_fire, layout_basic
D:2:      layout_loops_ring, basic_altar, serial_shops, nicolae_lakefront_shop,
          ebering_ecumenical_altar_petrified

Notes
Turn   | Place    | Note
-------+----------+-------------------------------------------
     0 | D:1      | zeratav the Vine Stalker Fighter began the quest for the
                  | Orb.
     0 | D:1      | Reached XP level 1. HP: 11/11 MP: 2/2
     0 | D:1      | magus.rc [v1.9.6]
   152 | D:1      | Reached skill level 2 in Short Blades
   215 | D:1      | Reached XP level 2. HP: 10/16 MP: 3/3
   476 | D:1      | Reached skill level 3 in Short Blades
   508 | D:1      | Reached XP level 3. HP: 18/19 MP: 4/4
   907 | D:2      | Found a faded altar of an unknown god.
   937 | D:2      | Found a snail-covered altar of Cheibriados.
  1047 | D:2      | You pick up a book of the Dragon and begin reading...
  1047 | D:2      | You add the spells Cause Fear, Dragon Form and Dragon's
                  | Call to your library.
  1077 | D:2      | Found Zaenlol's Antique Weapon Emporium.
  1203 | D:2      | Gained mutation: Your natural rate of healing is unusually
                  | fast. [Vine Stalker growth]
  1203 | D:2      | Reached XP level 4. HP: 23/23 MP: 5/5
  1241 | D:2      | You pick up a book of Decay and begin reading...
  1241 | D:2      | You add the spells Corpse Rot, Dispel Undead and Death
                  | Channel to your library.
  1376 | D:2      | Quit the game

Vanquished Creatures
  An adder (D:2)
  2 dart slugs
  5 ball pythons
  7 bats
  4 endoplasms (D:1)
  2 giant cockroaches (D:1)
  4 goblins
  5 hobgoblins
  2 frilled lizards (D:2)
  5 kobolds
  5 rats (D:1)
42 creatures vanquished.

Table legend:
 A = Non-vault XP
 B = Vault XP
 C = Vault XP percentage of total XP
 D = Non-vault monster count
 E = Vault monster count
 F = Vault count percentage of total count
                 A         B        C        D         E       F
            +---------+---------+-------+---------+---------+-------
      Total |      84 |       0 |   0.0 |      42 |       0 |   0.0
            +---------+---------+-------+---------+---------+-------
        D:1 |      50 |       0 |   0.0 |      30 |       0 |   0.0
        D:2 |      34 |       0 |   0.0 |      12 |       0 |   0.0
            +---------+---------+-------+---------+---------+-------

Illustrated notes

Table legend:
 A = Kills in this place as a percentage of kills in entire the game.
 B = Kills by you in this place as a percentage of kills by you in the entire game.
 C = Kills by friends in this place as a percentage of kills by friends in the entire game.
 D = Other kills in this place as a percentage of other kills in the entire game.
 E = Experience gained in this place as a percentage of experience gained in the entire game.
 F = Experience gained in this place divided by the number of levels of this place that you have seen.
                   A       B       C       D       E      F
               +-------+-------+-------+-------+-------+----------------------
         Total | 100.0 | 100.0 |   N/A |   N/A | 100.0 |  42.0
       Dungeon | 100.0 | 100.0 |   N/A |   N/A | 100.0 |  42.0
               +-------+-------+-------+-------+-------+----------------------

Table legend: (Time is in decaauts)
 A = Elapsed time spent in this place.
 B = Non-inter-level travel time spent in this place.
 C = Inter-level travel time spent in this place.
 D = Time resting spent in this place.
 E = Time spent auto-exploring this place.
 F = Levels seen in this place.
 G = Mean time per level.
                   A        B        C        D        E       F      G
               +--------+--------+--------+--------+--------+-----+--------+
         Total |   1383 |   1356 |     27 |      0 |   1127 |   2 |  691.5 |
       Dungeon |   1383 |   1356 |     27 |      0 |   1127 |   2 |  691.5 |
               +--------+--------+--------+--------+--------+-----+--------+

Top non-repeatable levels by time:
     D:1: 845 daAuts
     D:2: 537 daAuts
